 Dungeon Crawl Stone Soup version 0.20-a0-1116-gaa52201 (webtiles) character file.

144 Duffy the Covered (level 5, 41/41 HPs)
             Began as a Demonspawn Fighter on May 7, 2017.
             Was a Follower of Makhleb.
             Quit the game on level 3 of the Dungeon.
             The game lasted 00:02:16 (2108 turns).

Duffy the Covered (Demonspawn Fighter)              Turns: 2108, Time: 00:02:17

Health: 41/41      AC:  9    Str: 17    XL:     5   Next: 5%
Magic:  5/5        EV:  4    Int:  9    God:    Makhleb [*.....]
Gold:   110        SH:  9    Dex: 13    Spells: 4/4 levels left

rFire    . . .     SeeInvis .   a - +0 war axe
rCold    . . .     Gourm    .   c - +0 shield
rNeg     + . .     Faith    .   h - +0 chain mail
rPois    .         Spirit   .   (no helmet)
rElec    .         Reflect  .   (no cloak)
rCorr    .         Harm     .   (no gloves)
MR       .....                  (no boots)
Stlth    ..........             p - macabre finger necklace {rN+}
Regen    0.2/turn               (no ring)
MPRegen  0.1/turn               (no ring)
                                (no ring)

@: no status effects
A: claws 1, foul stench 1, rot immunity
a: Renounce Religion


You were on level 3 of the Dungeon.
You worshipped Makhleb.
Makhleb was aware of your devotion.
You were not hungry.

You visited 2 branches of the dungeon, and saw 5 of its levels.

You collected 110 gold pieces.

Inventory:

Hand Weapons
 a - a +0 war axe (weapon)
 b - a +2 dagger of electrocution
Missiles
 v - a throwing net (quivered)
Armour
 c - a +0 shield (worn)
 h - a +0 chain mail (worn)
Jewellery
 o - an uncursed amulet of magic regeneration
 p - the macabre finger necklace (around neck) {rN+}
   (You found it on level 4 of the Dungeon)

   [amulet of nothing]

   It protects you from negative energy.
Scrolls
 e - a scroll of immolation {unknown}
 g - a scroll of blinking {unknown}
 i - a scroll of identify {unknown}
 j - a scroll of teleportation {unknown}
 k - a scroll of fog {unknown}
 m - 2 scrolls of remove curse
 s - a scroll of recharging {unknown}
 t - a scroll of fear {unknown}
 w - 2 scrolls of enchant armour {unknown}
 x - a scroll of noise {unknown}
 y - a scroll of magic mapping {unknown}
Potions
 d - a potion of might
 q - a potion of berserk rage {unknown}
 r - a potion of flight {unknown}
Comestibles
 f - 5 bread rations
 l - 10 chunks of flesh
 n - 3 meat rations
 u - 4 fruits


   Skills:
 - Level 3.0 Fighting
 + Level 3.3 Axes
 + Level 3.6 Armour
 + Level 3.4 Shields


You had 4 spell levels left.
You didn't know any spells.

Dungeon Overview and Level Annotations

Branches:
Dungeon (4/15)             Temple (1/1) D:4

Altars:
Ashenzari
Cheibriados
Elyvilon
Fedhas
Hepliaklqana
Kikubaaqudgha
Makhleb
Nemelex Xobeh
Okawaru
Qazlal
Ru
Sif Muna
Uskayaw
Vehumet
Wu Jian
Xom
Zin


Innate Abilities, Weirdness & Mutations

You have sharp fingernails.
You may emit foul miasma when damaged in melee.
You are immune to rotting.


Message History

f - 5 bread rations (gained 1)
A rat comes into view.
A rat is nearby!
The rat bites you but does no damage.
Your shield and chain mail prevent you from hitting the rat.
The rat bites you but does no damage. You block the rat's attack.
You slash the rat!
You kill the rat!
Makhleb accepts your kill.
No target in view!
No target in view!
No target in view!
No target in view!
No target in view!
You butcher the rat corpse.
l - 10 chunks of flesh (gained 1)
A bat comes into view.
A bat is nearby!
A bat is nearby!
Are you sure you want to abandon this character and quit the game? (Confirm with "yes".)

.## ..# #. #.#
##.######b#
..........#
..........# #.#
..........# ..#
.........@#
..........#
..........#
...........##
##............#
#............#.#
##..#
.........#.#
##..#
##.########.#
...# #..# #.#


You could see a bat.

Vanquished Creatures
  An orc wizard (D:3)
  4 gnolls
  An adder (D:2)
  2 dart slugs
  4 leopard geckos
  7 orcs
  2 ball pythons (D:2)
  A giant cockroach (D:3)
  6 goblins
  5 hobgoblins
  4 jackals (D:2)
  A quokka (D:3)
  2 bats
  5 frilled lizards
  5 kobolds
  7 rats
57 creatures vanquished.

Notes
Turn   | Place    | Note
-------+----------+-------------------------------------------
     0 | D:1      | Duffy the Demonspawn Fighter began the quest for the Orb.
     0 | D:1      | Reached XP level 1. HP: 18/18 MP: 1/1
   385 | D:1      | Gained mutation: You are immune to rotting. [demonic ancestry]
   385 | D:1      | Reached XP level 2. HP: 22/24 MP: 2/2
   677 | D:3      | Found a blossoming altar of Fedhas.
   682 | D:4      | Found a staircase to the Ecumenical Temple.
   700 | Temple   | Entered the Ecumenical Temple
   876 | Temple   | Became a worshipper of Makhleb the Destroyer
   934 | D:2      | Gained mutation: You may emit foul miasma when damaged in melee. [demonic ancestry]
   934 | D:2      | Reached XP level 3. HP: 29/29 MP: 3/3
  1636 | D:2      | Reached XP level 4. HP: 12/35 MP: 4/4
  1984 | D:3      | Reached * piety under Makhleb
  1999 | D:3      | Gained mutation: You have sharp fingernails. [demonic ancestry]
  1999 | D:3      | Reached XP level 5. HP: 36/41 MP: 5/5
  2040 | D:3      | Found a shimmering altar of Xom.
  2108 | D:3      | Quit the game

Vault maps used:
D:1:      sevenhm_arrival_forest_fort_large_2
D:2:      first_bread
D:3:      fedhas_altar_fruit_tree, serial_bayou_pond_b, xom_redecorated
D:4:      bloody_trog, temple_fountains
Temple:   eino_temple_scatter_basement

Skill      XL: |  1  2  3  4 |
---------------+-------------+-----
Axes           | 2 3 |  3.3
Shields        | 3 |  3.4
Armour         | 3 |  3.6
Fighting       | |  3.0

Action                   |  1- 3 |  4- 6 || total
-------------------------+-------+-------++-------
Melee: War axe           |   144 |    37 ||   181
  Use: Scroll            |     1 |       ||     1
  Eat: Chunk             |     3 |     1 ||     4
Armor: Chain mail        |   104 |    11 ||   115
Dodge: Dodged            |    35 |     6 ||    41
Block: Shield            |    82 |    18 ||   100
